 Dungeon Crawl Stone Soup version 0.30.1-9-gdf580d7c3d (webtiles) character file.

Game seed: 16307186603715071164

144 KittyFluff the Trooper (level 5, -3/33 HPs)
             Began as a Gargoyle Berserker on Oct 20, 2023.
             Was a Believer of Trog.
             Slain by a black bear (5 damage)
             ... on level 4 of the Dungeon.
             The game lasted 00:08:58 (2358 turns).

KittyFluff the Trooper (Gargoyle Berserker)         Turns: 2358, Time: 00:08:59

Health: -3/33      AC:  8    Str: 22    XL:     5   Next: 26%
Magic:  5/5        EV: 11    Int:  8    God:    Trog [**....]
Gold:   93         SH:  5    Dex:  9    Spells: 4/4 levels left

rFire   . . .        p - +0 quarterstaff
rCold   . . .        (shield currently unavailable)
rNeg    + . .        g - +0 leather armour
rPois   ∞            (no helmet)
rElec   +            l - +0 cloak
rCorr   .            (no gloves)
SInv    .            (no boots)
Will    .....        i - amulet of reflection
Stlth   +            (no ring)
HPRegen 0.25/turn    (no ring)
MPRegen 0.09/turn

%: reflection
@: no status effects
A: sickness immunity, AC +4, negative energy resistance 1, electricity
resistance, torment resistance 1, petrification resistance
a: Renounce Religion, Berserk, Trog's Hand


You were on level 4 of the Dungeon.
You worshipped Trog.
Trog was pleased with you.
You visited 1 branch of the dungeon, and saw 4 of its levels.

You collected 93 gold pieces.

Inventory:

Hand Weapons
 a - a +0 mace
 p - a +0 quarterstaff (weapon)
 r - a +0 sling
Armour
 g - a +0 leather armour (worn)
 l - a +0 cloak (worn)
Jewellery
 i - an amulet of reflection (around neck)
Scrolls
 b - 3 scrolls of teleportation
 j - a scroll of enchant armour {unknown}
 m - a scroll of summoning {unknown}
 o - a scroll of immolation {unknown}
 q - a scroll of fog {unknown}
Potions
 c - 2 potions of brilliance {unknown}
 d - 2 potions of attraction {unknown}
 e - 4 potions of curing {unknown}
 f - a potion of heal wounds {unknown}
 h - a potion of mutation {unknown}
 k - 2 potions of flight {unknown}
 n - a potion of might {unknown}


   Skills:
 + Level 4.0 Fighting
 - Level 3.7(3.9) Maces & Flails
 * Level 1.3(2.7) Staves
 * Level 3.7 Armour
 + Level 2.2 Dodging


You had 4 spell levels left.
You didn't know any spells.
Your spell library was empty.

Dungeon Overview and Level Annotations

Branches:
Dungeon (4/15)
 Temple: D:4-7

Altars:
Trog

Shops:
D:3 :


Innate Abilities, Weirdness & Mutations

You are immune to sickness and miasma.
Your stone body is resilient. (AC +4)
You are immune to poison.
You resist negative energy. (rN+)
You are resistant to electric shocks. (rElec)
You are resistant to unholy torment.
You are immune to petrification.


Message History

A black bear comes into view.
The black bear growls angrily.
You hit the black bear.
The black bear is lightly wounded.
You block the black bear's attack. x2; The black bear barely misses you.
The black bear misses you. The black bear claws you.
The black bear claws you but does no damage.
You hit the black bear.
The black bear is moderately wounded.
You block the black bear's attack.
The black bear claws you but does no damage. x2
You barely miss the black bear.
The black bear is moderately wounded.
The black bear bites you.
The black bear claws you but does no damage.
You block the black bear's attack.
You sock the black bear!
The black bear is severely wounded.
The black bear bites you. The black bear barely misses you.
You block the black bear's attack.
You hit the black bear.
The black bear is severely wounded.
The black bear goes berserk!
You barely miss the black bear.
The black bear is severely wounded.
The black bear bites you! The black bear claws you. x2
The black bear bites you but does no damage.
The black bear claws you but does no damage.
The black bear claws you.
* * * LOW HITPOINT WARNING * * *
You barely miss the black bear.
The black bear is severely wounded.
The black bear bites you.
* * * LOW HITPOINT WARNING * * *
The black bear misses you.
The black bear claws you but does no damage.
The black bear bites you.
* * * LOW HITPOINT WARNING * * *
The black bear closely misses you. The black bear claws you.
You die...

### ##.## ##.#.## ##.##
#######.###.##
......#####......## ##.#
......h@....#####.###.##
....!.###.### #.#.##
..... #.# #.## .... #.#
#.# ### #.# ##.# #.#
#..# #.# #.## ..# #.#
.## #.#


You could see a black bear (berserk).

Vanquished Creatures
  Crazy Yiuf (D:2)
  3 adders
  3 gnolls (D:3)
  A dart slug (D:3)
  An orc (D:4)
  6 ball pythons
  2 bats
  6 endoplasms
  4 goblins
  9 hobgoblins
  4 jackals (D:2)
  A quokka (D:2)
  2 frilled lizards (D:1)
  6 kobolds
  4 rats
53 creatures vanquished.

Notes
Turn   | Place    | Note
-------+----------+-------------------------------------------
     0 | D:1      | KittyFluff the Gargoyle Berserker began the quest for the
                  | Orb.
     0 | D:1      | Reached XP level 1. HP: 14/14 MP: 1/1
   145 | D:1      | Reached XP level 2. HP: 19/19 MP: 2/2
   533 | D:2      | Reached XP level 3. HP: 22/23 MP: 3/3
   897 | D:2      | Found a runed translucent door.
   898 | D:2      | Noticed Crazy Yiuf
   905 | D:2      | Killed Crazy Yiuf
   906 | D:2      | Reached XP level 4. HP: 29/29 MP: 4/4
  1143 | D:2      | Reached ** piety under Trog
  1516 | D:3      | Noticed a walking frostbound tome
  1593 | D:3      | Reached skill level 1 in Staves
  1593 | D:3      | Reached XP level 5. HP: 33/33 MP: 5/5
  1615 | D:3      | Noticed a walking earthen tome
  1617 | D:3      | Found Batiumm's Book Shoppe.
  1848 | D:3      | Found a bloodstained altar of Trog.
  2259 | D:4      | Reached skill level 4 in Fighting
  2348 | D:4      | Noticed a black bear
  2358 | D:4      | Slain by a black bear

Illustrated notes

Levels and vault maps discovered:
D:1:      wander_arrival_peaceful_grave, layout_rooms, st_stairs_6
D:2:      layout_loops_cross, uniq_crazy_yiuf_cottage
D:3:      layout_loops_corners, trog_three_pillars_becter, serial_shops,
          nicolae_shop_mannequins, glass_columns_a
D:4:      layout_loops_ring, mainiacjoe_overflow_small_starburst,
          lemuel_tele_altar

Skill      XL: |  1  2  3  4  5 |
---------------+----------------+-----
Armour         | 3 |  3.7
Dodging        | 2 |  2.2
Staves         | 1 |  1.3
Fighting       | 4 |  4.0
Maces & Flails | |  3.7

Action                     |  1- 3 |  4- 6 || total
---------------------------+-------+-------++-------
  Melee: Mace              |    79 |     9 ||    88
         Punch             |     1 |       ||     1
         Quarterstaff      |       |    81 ||    81
 Invoke: Berserk           |     1 |       ||     1
    Use: Scroll            |       |     1 ||     1
 Armour: Animal skin       |     6 |       ||     6
         Leather armour    |    17 |    38 ||    55
  Dodge: Dodged            |    49 |    38 ||    87
  Block: Other             |     9 |    18 ||    27
         Reflection        |       |     1 ||     1
